AoeStats
← RenHar

Black Forest

503496246Analyzed
4v4 RM · 1mo ago on Aug 31, 2026· 50m 26s· 8 players
Game mode
Random Map
Map size
Large (8 player)
Population
200
Speed
Normal
Resources
Standard
Victory
Conquest
Starting age
Dark Age
Ending age
Imperial Age
RankedLock teamsTeams togetherTeam positionsShared explorationLock speedFull tech treeHidden civsTurbo modeCheats
Victory
Defeat
🇦🇷 Romans · Argentina
851
+15
🇲🇽 Berbers · Mexico
783
+18
🇨🇴 Ethiopians · Colombia
754
+19
🇿🇦 Persians · South Africa
696
+22
🇨🇱 Celts · Chile
882
-21
🇧🇷 Georgians · Brazil
881
-21
🇦🇷 Bohemians · Argentina
867
-20
🇦🇷 Goths · Argentina
691
-12
MANlGOLDO
8:12 Loom
10:49 Feudal Age
15:11 Castle Age
14:15 Stone Mining
22:27 Fletching
25:14 Horse Collar
27:22 Wheelbarrow
32:00 Imperial Age
31:11 Heavy Plow
30:59 Double-Bit Axe
31:36 Gold Mining
32:33 Bodkin Arrow
33:43 Chemistry
33:03 Bow Saw
33:54 Conscription
34:50 Hand Cart
35:20 Padded Archer Armor
35:49 Ballistics
35:38 Husbandry
36:20 Bloodlines
35:35 Cavalier
36:22 Bracer
37:30 Scale Barding Armor
37:47 Elite Camel Archer
39:04 Forging
40:21 Iron Casting
41:19 Chain Barding Armor
41:12 Siege Engineers
43:19 Blast Furnace
42:34 Thumb Ring
44:09 Maghrebi Camels
44:12 Kasbah
45:10 Plate Barding Armor
48:40 Leather Archer Armor
50:18 Ring Archer Armor
JÄGGERMEISTER |
0:53 Loom
13:59 Feudal Age
19:05 Padded Archer Armor
18:57 Fletching
18:29 Man-at-Arms
21:37 Castle Age
19:03 Man-at-Arms
19:58 Double-Bit Axe
20:42 Padded Archer Armor
20:52 Gold Mining
23:15 Leather Archer Armor
22:51 Fletching
22:33 Crossbowman
25:37 Bow Saw
26:41 Horse Collar
32:20 Gold Shaft Mining
31:56 Bodkin Arrow
32:48 Ballistics
35:26 Imperial Age
34:13 Wheelbarrow
33:24 Town Watch
34:21 Caravan
34:49 Thumb Ring
37:13 Chemistry
36:33 Heavy Plow
37:30 Hand Cart
39:43 Ring Archer Armor
39:14 Bracer
39:34 Arbalester
41:54 Town Patrol
RenHar
10:57 Feudal Age
12:20 Feudal Age
10:44 Loom
12:30 Feudal Age
13:51 Double-Bit Axe
13:50 Horse Collar
19:06 Castle Age
17:15 Gold Mining
17:17 Stone Mining
18:40 Fletching
25:33 Imperial Age
25:18 Fervor
25:45 Bow Saw
26:01 Squires
28:51 Chemistry
27:15 Man-at-Arms
28:07 Forging
32:08 Wheelbarrow
32:43 Ballistas
32:31 Fletching
33:56 Hand Cart
33:26 Town Watch
34:13 Bodkin Arrow
34:16 Murder Holes
34:41 Ballistics
35:47 Town Patrol
36:42 Gold Shaft Mining
37:09 Heavy Scorpion
38:36 Caravan
39:47 Comitatenses
41:49 Onager
45:13 Iron Casting
44:39 Scale Mail Armor
44:45 Scale Barding Armor
44:53 Masonry
44:48 Siege Engineers
44:56 Masonry
44:09 Long Swordsman
44:09 Pikeman
44:17 Elite Centurion
47:39 Halberdier
47:39 Legionary
Hondkop
0:28 Loom
13:53 Feudal Age
20:41 Castle Age
28:41 Fletching
37:03 Gold Mining
39:16 Gold Shaft Mining
42:57 Imperial Age
44:10 Imperial Age
42:18 Wheelbarrow
41:28 Town Watch
49:16 Scale Barding Armor
49:22 Forging
TILONXO
1:12 Loom
13:23 Feudal Age
18:27 Castle Age
17:13 Horse Collar
24:28 Double-Bit Axe
25:07 Pikeman
27:04 Bow Saw
29:53 Padded Archer Armor
30:01 Scale Barding Armor
30:06 Forging
35:52 Gold Mining
35:53 Stone Mining
37:24 Wheelbarrow
36:35 Town Watch
37:54 Gambesons
37:55 Arson
41:48 Imperial Age
39:32 Treadmill Crane
39:49 Murder Holes
40:16 Ballistics
42:10 Iron Casting
41:36 Scale Mail Armor
41:55 Onager
43:42 Chemistry
43:35 Fortified Wall
44:33 Fervor
43:58 Halberdier
44:02 Light Cavalry
44:42 Husbandry
45:30 Stone Shaft Mining
45:28 Conscription
45:43 Hoardings
46:24 Siege Engineers
48:18 Blast Furnace
47:33 Chain Mail Armor
fedeguillen20
3:09 Loom
11:22 Feudal Age
20:39 Castle Age
18:42 Stone Mining
18:46 Double-Bit Axe
19:43 Horse Collar
23:30 Heavy Plow
23:58 Fishing Lines
25:32 Squires
25:46 Forging
25:39 Scale Mail Armor
26:08 Gillnets
27:03 Caravan
28:42 Anarchy
29:28 Iron Casting
29:09 Chain Mail Armor
28:34 Pikeman
29:21 Gold Mining
29:58 Scale Barding Armor
36:17 Imperial Age
34:48 Scale Barding Armor
36:58 Wheelbarrow
36:08 Town Watch
36:43 Bow Saw
37:43 Crop Rotation
40:38 Hand Cart
41:36 Fervor
42:57 Elite Huskarl
44:32 Light Cavalry
46:47 Perfusion
En Büyük
11:37 Feudal Age
12:03 Double-Bit Axe
15:06 Padded Archer Armor
14:56 Fletching
17:37 Horse Collar
22:49 Castle Age
RHMM16
0:26 Loom
Connection lost

Rejoining the realm…

Still unreachable

The connection could not be restored.

Session expired

The server has moved on; the page needs a fresh start.